 Dungeon Crawl Stone Soup version 0.25-a0-482-g9b3b753f3f (webtiles) character file.

Game seed: 13384720081493538077, levelgen mode: deterministic

40579 DerDa the Eclecticist (level 13, -16/63 (64) HPs)
             Began as a Deep Elf Conjurer on Feb 10, 2020.
             Was a High Priest of Sif Muna.
             Killed from afar by Jorgrun (55 damage)
             ... with an iron shot
             ... on level 1 of the Orcish Mines.
             The game lasted 01:31:33 (20264 turns).

DerDa the Eclecticist (Deep Elf Conjurer)          Turns: 20264, Time: 01:31:39

HP:   -16/63 (64)   AC:  6    Str:  5    XL:     13   Next: 75%
MP:   25/35         EV: 21    Int: 26    God:    Sif Muna [*****.]
Gold: 924           SH:  0    Dex: 17    Spells: 18/44 levels left

rFire    . . .     SeeInvis +   N - +3 long sword "Bicw" {freeze, rC++ Dex+2}
rCold    + + .     Gourm    .   (no shield)
rNeg     . . .     Faith    +   I - +2 leather armour {rPois}
rPois    +         Spirit   .   j - +0 helmet
rElec    .         Reflect  .   X - scarf {repulsion}
rCorr    .         Harm     .   (no gloves)
MR       +....                  (no boots)
Stlth    ++........             l - amulet of faith
HPRegen  0.20/turn              u - +2 ring of evasion
MPRegen  0.24/turn              S - ring of see invisible

@: repel missiles
A: no striking features
a: Channel Magic, Forget Spell, Divine Exegesis, Renounce Religion


You were on level 1 of the Orcish Mines.
You worshipped Sif Muna.
Sif Muna was extremely pleased with you.
You were not hungry.

You visited 4 branches of the dungeon, and saw 20 of its levels.

You collected 1284 gold pieces.
You spent 360 gold pieces at shops.

Inventory:

Hand Weapons
 a - a +1 whip of freezing
 d - a +5 club
 D - a +2 whip of draining
 H - a +5 scimitar of flaming
 N - the +3 long sword "Bicw" (weapon) {freeze, rC++ Dex+2}
   (You found it on level 1 of the Lair of Beasts)

   It has been specially enchanted to freeze those struck by it, causing extra
   injury to most foes and up to half again as much damage against particularly
   susceptible opponents.
   It can also slow down cold-blooded creatures.
   It affects your dexterity (+2).
   It greatly protects you from cold.
Missiles
 g - 299 stones
 p - 65 poisoned darts (quivered)
 E - 3 throwing nets
Armour
 j - a +0 helmet (worn)
 I - a +2 leather armour of poison resistance (worn)
 K - a +0 troll leather armour
 X - a scarf of repulsion (worn)
Magical Staves
 k - an uncursed staff of fire
Jewellery
 l - an amulet of faith (around neck)
 t - an uncursed ring of positive energy
 u - a +2 ring of evasion (left hand)
 x - an uncursed ring of fire
 y - an uncursed ring of resist corrosion
 P - an uncursed amulet of rage {unknown}
 S - a ring of see invisible (right hand)
 T - an uncursed ring of flight {unknown}
 U - an uncursed ring of protection from cold {unknown}
Wands
 f - a wand of digging (10)
 s - a wand of iceblast (14)
 F - a wand of enslavement (12)
 R - a wand of polymorph (7)
Scrolls
 e - 5 scrolls of enchant armour
 h - 7 scrolls of remove curse
 i - 4 scrolls of magic mapping
 n - 5 scrolls of fog
 q - 2 scrolls of vulnerability {unknown}
 B - 3 scrolls of enchant weapon
 C - 2 scrolls of teleportation
 G - a scroll of immolation {unknown}
 J - 2 scrolls of acquirement {unknown}
 L - a scroll of amnesia
 M - a scroll of fear {unknown}
 O - 8 scrolls of identify
Potions
 b - 2 potions of flight {unknown}
 m - 10 potions of curing {unknown}
 o - 3 potions of haste
 r - a potion of degeneration {unknown}
 v - 2 potions of invisibility
 w - 3 potions of brilliance {unknown}
 z - 3 potions of cancellation {unknown}
 A - 2 potions of lignification {unknown}
 Q - 2 potions of resistance {unknown}
 V - a potion of berserk rage {unknown}
Miscellaneous
 Y - a lamp of fire
Comestibles
 c - 33 rations
 W - 3 chunks of flesh


   Skills:
 + Level 0.5 Fighting
 + Level 11.2 Dodging
 - Level 2.4 Stealth
 * Level 16.2 Spellcasting
 * Level 14.2 Conjurations
 - Level 5.0 Hexes
 + Level 6.8 Necromancy
 - Level 5.0 Translocations
 * Level 7.1 Ice Magic
 + Level 7.8 Invocations


You had 18 spell levels left.
You knew the following spells:

 Your Spells              Type           Power        Failure   Level  Hunger
a - Magic Dart            Conj           ####         0%          1    None
b - Searing Ray           Conj           ######       1%          2    None
c - Fulminant Prism       Conj/Hex       ######....   1%          4    None
d - Iskenderun's Mystic   Conj/Tloc      ######..     1%          4    None
e - Agony                 Necr           ######..     7%          5    None
f - Hailstorm             Conj/Ice       ######..     1%          4    None
g - Freezing Cloud        Conj/Ice/Air   ######....   32%         6    ####...

Your spell library contained the following spells:

 Spells                   Type           Power        Failure   Level  Hunger
 Animate Skeleton         Necr           N/A          1%          1    None
 Apportation              Tloc           #####.       1%          1    None
 Corona                   Hex            #####..      1%          1    None
 Freeze                   Ice            ####         1%          1    None
 Pain                     Necr           ####         1%          1    None
 Blink                    Tloc           N/A          1%          2    None
 Ensorcelled Hibernation  Hex/Ice        ######       1%          2    None
 Confusing Touch          Hex            #####...     1%          3    None
 Conjure Flame            Conj/Fire      ######..     1%          3    None
 Dazzling Flash           Conj/Hex       ######       1%          3    None
 Frozen Ramparts          Ice            ######       1%          3    None
 Gell's Gravitas          Tloc           #####.....   1%          3    None
 Lesser Beckoning         Tloc           #####.....   1%          3    None
 Mephitic Cloud           Conj/Pois/Air  #####...     1%          3    None
 Stone Arrow              Conj/Erth      ######       1%          3    None
 Teleport Other           Tloc           #####...     1%          3    None
 Vampiric Draining        Necr           ######....   1%          3    None
 Shroud of Golubria       Chrm/Tloc      ####..       2%          2    None
 Ozocubu's Armour         Chrm/Ice       #####...     2%          3    None
 Animate Dead             Necr           N/A          2%          4    None
 Beastly Appendage        Tmut           ###...       4%          1    None
 Sandblast                Erth           ###...       4%          1    None
 Summon Small Mammal      Summ           ###.         4%          1    None
 Passage of Golubria      Tloc           N/A          4%          4    None
 Cause Fear               Hex            #####.....   5%          4    None
 Passwall                 Tmut/Erth      ###.....     6%          2    None
 Poisonous Vapours        Pois/Air       ###...       6%          2    None
 Sticks to Snakes         Tmut           ###.....     6%          2    None
 Swiftness                Chrm/Air       ###.....     6%          2    None
 Ice Form                 Ice/Tmut       #####...     10%         4    None
 Summon Ice Beast         Ice/Summ       #####...     10%         4    None
 Spider Form              Tmut/Pois      ###.......   12%         3    None
 Petrify                  Tmut/Erth      ###.....     38%         4    None
 Darkness                 Hex            #####.....   63%         6    ####...
 Invisibility             Hex            #####...     63%         6    ####...
 Blade Hands              Tmut           ###.......   75%         5    None
 Lee's Rapid Deconstruct  Erth           ###.......   75%         5    None
 Ring of Flames           Chrm/Fire      ###.......   100%        7    #####..
 Lehudib's Crystal Spear  Conj/Erth      ######....   100%        8    #######


Dungeon Overview and Level Annotations

Branches:
Dungeon (12/15)            Temple (1/1) D:7            Lair (5/6) D:8
 Shoals (0/4) Lair:3        Snake (0/4) Lair:2          Orc (2/2) D:12
  Slime: Lair:5-6       Elf: Orc:2

Altars:
Ashenzari
Cheibriados
Dithmenos
Elyvilon
Fedhas
Gozag
Hepliaklqana
Kikubaaqudgha
Makhleb
Nemelex Xobeh
Okawaru
Qazlal
Ru
Sif Muna
Trog
Uskayaw
Vehumet
Wu Jian
Xom
Yredelemnul
Zin
The Shining One
Beogh

Shops:
D:4 }   D:6 =   Orc:2 (

Annotations:
D:10 2 runed translucent doors
Orc:1 Jorgrun


Message History

A fulminant prism comes into view.
Casting: Fulminant Prism (safe; 1% risk of failure)
Confirm with . or Enter, or press ? or * to list all spells.
Aiming: Fulminant Prism (safe; 1% risk of failure)
Press: ? - help, Dir - move target cursor You conjure a prism of explosive energy!
A fulminant prism comes into view.
Your fulminant prism crackles loudly.
Casting: Fulminant Prism (safe; 1% risk of failure)
Confirm with . or Enter, or press ? or * to list all spells.
Aiming: Searing Ray (safe; 1% risk of failure)
Press: ? - help, Shift-Dir - straight line, f - Jorgrun
Aim: Jorgrun, wielding a +0 vorpal quarterstaff and wearing a +0 robe The searing ray hits Jorgrun!
Jorgrun is lightly wounded. (Press . to maintain the ray.) Jorgrun casts a spell at you.
The iron shot hits you!!!
Ouch! That really hurt!
You die...

##..........#......
##................
##.................
#...#............#.
#......^.........##
#..................
##.................
###....*.............
#...@g...............
####.................
##...*.......g.....
#...#.........>....
##.#...............
####..............
##.............
###...........
###........#


You could see Jorgrun and 2 friendly fulminant prisms.

Vanquished Creatures
  Rupert (Lair:4)
  Harold (D:11)
  5 hydras
  A centaur warrior (D:10)
  3 two-headed ogres
  Erica (D:8)
  6 death yaks (Lair:4)
  An unseen horror (D:12)
  Pikel (D:9)
  A cyclops (D:11)
  An orc knight (Orc:2)
  An orc sorcerer (Orc:1)
  2 ugly things
  A manticore (Lair:3)
  A centaur zombie (D:12)
  4 black mambas
  3 elephants (Lair:4)
  4 spiny frogs
  Maggie (D:8)
  6 komodo dragons
  2 rime drakes
  5 trolls
  The ghost of Piu the Skirmisher, an amateur GnWn (D:4)
  5 hippogriffs
  5 blink frogs (Lair:3)
  A spriggan (D:10)
  12 yaks
  A wraith (D:11)
  3 basilisks (Lair:2)
  A steam dragon (D:9)
  A human (D:10)
  2 hungry ghosts
  5 wargs
  4 nagas (Lair:2)
  9 water moccasins
  11 porcupines
  3 sky beasts
  10 orc warriors
  3 slaves (D:9)
  2 eyes of draining
  6 ice beasts
  12 ogres
  A necrophage (D:12)
  2 phantoms
  7 centaurs
  7 wolves
  2 crocodiles
  3 big kobolds
  14 bullfrogs
  A gnoll sergeant (D:9)
  3 scorpions
  2 electric eels (Lair:2)
  9 howler monkeys
  10 crimson imps
  2 bullfrog zombies
  A quasit (D:11)
  4 jellies
  4 hounds
  9 orc priests
  4 centaur skeletons
  2 bullfrog skeletons
  A gnoll shaman (D:6)
  4 iguanas
  17 orc wizards
  10 worker ants
  2 hound skeletons
  2 worker ant zombies
  Robin (D:3)
  15 gnolls
  11 adders
  A howler monkey skeleton (D:10)
  4 shadow imps
  3 oozes
  An adder skeleton (D:5)
  7 worms
  3 leopard geckos
  68 orcs
  9 giant cockroaches
  17 goblins
  7 hobgoblins
  7 jackals
  5 quokkas
  8 bats
  4 frilled lizards
  22 kobolds
  9 rats
  5 fulminant prisms
  4 fungi
  A plant (Lair:2)
484 creatures vanquished.

Vanquished Creatures (others)
  An orc wizard (D:4)
  An orc (D:9)
  189 fulminant prisms
  3 fungi
  5 plants (Lair:4)
199 creatures vanquished.

Grand Total: 683 creatures vanquished

Notes
Turn   | Place    | Note
-------+----------+-------------------------------------------
     0 | D:1      | DerDa the Deep Elf Conjurer began the quest for the Orb.
     0 | D:1      | Reached XP level 1. HP: 10/10 MP: 6/6
   216 | D:1      | Reached XP level 2. HP: 15/15 MP: 2/8
   384 | D:1      | Found a glowing golden altar of the Shining One.
   734 | D:2      | Reached XP level 3. HP: 19/19 MP: 3/10
   752 | D:2      | Learned a level 2 spell: Searing Ray
   830 | D:2      | Reached skill level 4 in Spellcasting
   931 | D:2      | Reached skill level 5 in Conjurations
  1090 | D:2      | Found a glowing silver altar of Zin.
  1281 | D:2      | Found an iron altar of Okawaru.
  1317 | D:2      | Found a burning altar of Makhleb.
  1317 | D:2      | Found a shimmering altar of Xom.
  1319 | D:2      | Found a radiant altar of Vehumet.
  1319 | D:2      | Found a basalt altar of Yredelemnul.
  1319 | D:2      | Found a shadowy altar of Dithmenos.
  1660 | D:3      | Reached XP level 4. HP: 24/24 MP: 9/12
  1903 | D:3      | Reached skill level 5 in Spellcasting
  1903 | D:3      | Reached XP level 5. HP: 23/28 MP: 5/14
  2612 | D:4      | Found a runed translucent gate.
  2612 | D:4      | Found a runed translucent gate.
  2619 | D:4      | Identified the +8 chain mail of Yhuaxkoygo {+Inv}
  2619 | D:4      | Noticed Piu's ghost (amateur GnWn)
  2620 | D:4      | Found a runed translucent gate.
  2621 | D:4      | Found a roughly hewn altar of Beogh.
  2633 | D:4      | Learned a level 4 spell: Fulminant Prism
  2638 | D:4      | Learned a level 4 spell: Iskenderun's Mystic Blast
  2653 | D:4      | Reached XP level 6. HP: 32/32 MP: 9/16
  2691 | D:3      | Reached skill level 6 in Spellcasting
  2955 | D:4      | Noticed Robin
  3013 | D:3      | Killed Robin
  3381 | D:4      | Reached skill level 1 in Hexes
  3381 | D:4      | Reached skill level 1 in Translocations
  3520 | D:4      | Reached XP level 7. HP: 24/36 MP: 1/18
  3678 | D:4      | Found Gaesuwor's Gadget Emporium.
  4020 | D:5      | Entered Level 5 of the Dungeon
  4139 | D:5      | Reached skill level 7 in Spellcasting
  4240 | D:5      | Found an ornate altar of the Wu Jian Council.
  4264 | D:5      | Reached skill level 5 in Dodging
  4492 | D:5      | Reached XP level 8. HP: 41/41 MP: 11/21
  4738 | D:6      | Found an iron altar of Okawaru.
  4778 | D:5      | Reached skill level 8 in Spellcasting
  5176 | D:6      | Found a basalt altar of Yredelemnul.
  5390 | D:6      | Found Xuni's Jewellery Shop.
  5397 | D:6      | Bought an uncursed amulet of magic regeneration for 360
                  | gold pieces
  5699 | D:7      | Reached skill level 9 in Spellcasting
  5774 | D:7      | Found a shimmering blue altar of Sif Muna.
  5783 | D:7      | Became a worshipper of Sif Muna the Loreminder
  5819 | D:7      | Reached XP level 9. HP: 45/45 MP: 15/24
  5947 | D:7      | Found a shattered altar of Ashenzari.
  5954 | D:7      | Reached skill level 5 in Hexes
  6096 | D:7      | Found a staircase to the Ecumenical Temple.
  6110 | Temple   | Entered the Ecumenical Temple
  6344 | D:7      | Found a burning altar of Makhleb.
  6344 | D:7      | Found a shadowy altar of Dithmenos.
  6390 | D:8      | Noticed Erica
  6397 | D:8      | Killed Erica
  6397 | D:8      | Reached skill level 10 in Spellcasting
  6407 | D:8      | Found a glowing golden altar of the Shining One.
  6407 | D:8      | Found a radiant altar of Vehumet.
  6415 | D:8      | Reached * piety under Sif Muna
  6476 | D:8      | Reached skill level 5 in Translocations
  6713 | D:8      | Found a sparkling altar of Nemelex Xobeh.
  6744 | D:8      | Noticed Maggie
  6756 | D:8      | Killed Maggie
  6991 | D:8      | Reached skill level 11 in Spellcasting
  6991 | D:8      | Reached skill level 10 in Conjurations
  6992 | D:8      | Reached XP level 10. HP: 50/50 MP: 19/27
  7426 | D:8      | Reached skill level 1 in Invocations
  7431 | D:8      | Found a staircase to the Lair.
  7802 | D:4      | Reached ** piety under Sif Muna
  7813 | D:4      | Killed Piu's ghost
  7948 | Lair:1   | Entered Level 1 of the Lair of Beasts
  8410 | D:9      | Noticed Pikel
  8415 | D:9      | Killed Pikel
  8512 | D:9      | Found a bloodstained altar of Trog.
  8526 | D:9      | Noticed a white ugly thing
  8726 | D:10     | Entered Level 10 of the Dungeon
  8726 | D:10     | Noticed a two-headed ogre
  8729 | D:10     | Killed a two-headed ogre
  8729 | D:10     | Reached skill level 12 in Spellcasting
  8791 | D:10     | Reached *** piety under Sif Muna
  9041 | D:10     | Noticed a centaur warrior
  9048 | D:10     | Killed a centaur warrior
  9048 | D:10     | Reached XP level 11. HP: 17/54 MP: 5/29
  9316 | D:10     | Found a runed translucent door.
  9317 | D:10     | Noticed a fire dragon
  9317 | D:10     | Noticed a fire dragon
  9318 | D:10     | Found the +2 shield of Resistance {rF+ rC+ MR+}
  9318 | D:10     | Noticed an ice dragon
  9319 | D:10     | Noticed an ice dragon
  9323 | D:10     | Found a runed translucent door.
  9571 | D:10     | Reached skill level 13 in Spellcasting
 10157 | D:11     | Learned a level 5 spell: Agony
 10228 | D:11     | Reached **** piety under Sif Muna
 10740 | D:9      | Killed a white ugly thing
 10740 | D:9      | Reached skill level 1 in Necromancy
 10999 | Lair:1   | Got an iridescent long sword
 10999 | Lair:1   | Identified the +3 long sword "Bicw" {freeze, rC++ Dex+2}
                  | (You found it on level 1 of the Lair of Beasts)
 11073 | Lair:1   | Reached skill level 5 in Invocations
 11366 | Lair:1   | Noticed a five-headed hydra
 11372 | Lair:1   | Killed a five-headed hydra
 11893 | Lair:2   | Noticed a four-headed hydra
 12117 | Lair:2   | Reached skill level 14 in Spellcasting
 12451 | Lair:2   | Killed a four-headed hydra
 12655 | Lair:2   | Reached XP level 12. HP: 43/59 MP: 22/32
 12662 | Lair:2   | Found a staircase to the Snake Pit.
 12858 | Lair:2   | Reached ***** piety under Sif Muna
 12897 | Lair:2   | You fall into a shaft and drop 1 floor!
 13128 | Lair:2   | Learned a level 4 spell: Hailstorm
 13135 | Lair:2   | Learned a level 6 spell: Freezing Cloud
 13483 | Lair:3   | Found a staircase to the Shoals.
 13494 | Lair:3   | Noticed a four-headed hydra
 13495 | Lair:3   | Identified Sif Muna's Tome of Execration (Sif Muna gifted
                  | it to you on level 3 of the Lair of Beasts)
 13495 | Lair:3   | Received a gift from Sif Muna
 13495 | Lair:3   | Reached skill level 10 in Dodging
 13495 | Lair:3   | Reached skill level 1 in Ice Magic
 13622 | Lair:3   | Killed a four-headed hydra
 13963 | Lair:3   | Found a burning altar of Makhleb.
 14954 | Lair:4   | Noticed a seven-headed hydra
 14958 | Lair:4   | Killed a seven-headed hydra
 15021 | Lair:4   | Noticed Rupert
 15035 | Lair:4   | HP: 1/59 [Rupert/+1 battleaxe of electrocution (20)]
 15037 | Lair:4   | Paralysed by Rupert for 2 turns
 15041 | Lair:4   | Killed Rupert
 15041 | Lair:4   | Reached skill level 15 in Spellcasting
 15041 | Lair:4   | Reached skill level 5 in Necromancy
 15612 | Lair:4   | Noticed a death yak
 15623 | Lair:4   | Noticed a death yak
 15623 | Lair:4   | Noticed a death yak
 15642 | Lair:4   | Killed a death yak
 15709 | Lair:4   | Noticed a death yak
 15710 | Lair:4   | Noticed a death yak
 15724 | Lair:4   | Noticed a death yak
 15748 | Lair:4   | Killed a death yak
 15748 | Lair:4   | Killed a death yak
 15748 | Lair:4   | Reached skill level 5 in Ice Magic
 15748 | Lair:4   | Reached XP level 13. HP: 28/63 MP: 8/34
 17327 | D:11     | Received a gift from Sif Muna
 17698 | D:11     | Found a sacrificial altar of Ru.
 17792 | D:11     | Noticed Harold
 17801 | D:11     | Killed Harold
 18270 | D:12     | Found a staircase to the Orcish Mines.
 18706 | D:12     | Reached skill level 16 in Spellcasting
 19189 | Orc:1    | Entered Level 1 of the Orcish Mines
 19453 | D:12     | HP: 3/62 [orc warrior/boomerang (17)]
 20090 | Orc:2    | Entered Level 2 of the Orcish Mines
 20093 | Orc:2    | Identified Sif Muna's Grimoire of Earthen Transformation
                  | (Sif Muna gifted it to you on level 2 of the Orcish Mines)
 20093 | Orc:2    | Received a gift from Sif Muna
 20211 | Orc:2    | Found Ijal's Antique Weapon Emporium.
 20240 | Orc:2    | Noticed Jorgrun
 20264 | Orc:1    | Killed from afar by Jorgrun

Levels and vault maps discovered:
D:1:      lemuel_arrival_river_bridge, layout_rooms, tso_altar
D:2:      layout_basic, doesnt_xom_only_xom, lemuel_coloured_pillars_altar,
          minmay_close_crescents
D:3:      layout_loops_cross
D:4:      layout_basic, serial_shops, shop_fountains, first_ration,
          biasface_ghost_orc_armoury, minivault_5, uniq_robin
D:5:      layout_rooms, overflow_temple_1_default
D:6:      layout_loops_ring, okawaru_trees_2, yredelemnul_altar_generic,
          serial_shops, shop, hangedman_decor_push
D:7:      layout_rooms, lemuel_doored_altar, cheibrodos_ashenzari_chains,
          gammafunk_temple_overflow_wave, temple_statues
D:8:      layout_basic, lemuel_round_altar, gammafunk_temple_overflow_pools,
          erik_lair_orcish_takeover, uniq_erica, uniq_maggie
D:9:      layout_rooms, lemuel_round_altar, uniq_pikel
D:10:     layout_stronghold, hangedman_stone_soup,
          minmay_guarded_unrand_resistance
D:11:     layout_long_grid, nicolae_ru_awakened_eye, uniq_harold
D:12:     layout_irregular_city, orc_0_dummy
Temple:   compressed_dpeg_triangle_lava_temple
Lair:1:   layout_cave_pods
Lair:2:   layout_roguey, guppyfry_snake_entry_island, grunt_megastairs_1,
          lemuel_fruit_tree, serial_bayou_shore_b, serial_bayou_shore_a
Lair:3:   layout_loops_ring, minmay_shoals_entry_beasts, lemuel_centaur_altar
Lair:4:   layout_loops_ring, uniq_rupert
Lair:5:   nzn_motion_control, layout_gridlike, basic_altar, guppyfry_lair_drakes
Orc:1:    layout_caves
Orc:2:    st_orc_mages, layout_diamond_mine, serial_shops, shop_fountains,
          uniq_jorgrun

Skill      XL: |  1  2  3  4  5  6  7  8  9 10 11 12 13 |
---------------+----------------------------------------+-----
Dodging        | 3 4 5 6 7 8 9 10 11 | 11.2
Spellcasting   | 4 5 6 7 9 11 12 14 15 16 | 16.2
Conjurations   | 5 6 7 8 10 11 12 13 14 | 14.2
Hexes          | 1 3 4 5 |  5.0
Translocations | 1 2 3 5 |  5.0
Invocations    | 3 5 6 7 |  7.8
Necromancy     | 3 5 6 |  6.8
Ice Magic      | 5 7 |  7.1
Fighting       | |  0.5
Stealth        | |  2.4

Action                   |  1- 3 |  4- 6 |  7- 9 | 10-12 | 13-15 || total
-------------------------+-------+-------+-------+-------+-------++-------
Melee: Whip              |    23 |       |       |       |       ||    23
       Flail             |       |     4 |       |       |       ||     4
       Club              |       |     7 |       |       |       ||     7
       Scimitar          |       |       |    17 |    31 |       ||    48
       Long sword        |       |       |       |    15 |    58 ||    73
 Cast: Magic Dart        |    87 |   151 |   205 |   214 |    71 ||   728
       Searing Ray       |       |     7 |    29 |    60 |    29 ||   125
       Fulminant Prism   |       |     2 |    10 |   118 |    71 ||   201
       Hailstorm         |       |       |       |     4 |     9 ||    13
Invok: Channel Magic     |       |       |       |     2 |     2 ||     4
Evoke: Wand              |       |       |       |     3 |       ||     3
  Use: Scroll            |       |     8 |     1 |     4 |     4 ||    17
       Potion            |       |     2 |       |     3 |     4 ||     9
  Eat: Chunk             |     2 |     6 |    12 |    24 |     8 ||    52
       Ration            |       |       |       |     1 |     2 ||     3
Armor: Robe              |     5 |    14 |    17 |     2 |       ||    38
       Leather armour    |       |       |       |    34 |    33 ||    67
Dodge: Dodged            |    16 |    87 |    73 |   164 |   180 ||   520
       Deflected         |       |       |       |       |     8 ||     8
       Rpst.: Scimitar   |       |       |     3 |    23 |       ||    26
       Long sword        |       |       |       |    23 |    52 ||    75

Table legend:
 A = Non-vault XP
 B = Vault XP
 C = Vault XP percentage of total XP
 D = Non-vault monster count
 E = Vault monster count
 F = Vault count percentage of total count
                 A         B        C        D         E       F
            +---------+---------+-------+---------+---------+-------
      Total |   48616 |    9355 |  16.1 |     419 |      53 |  11.2
            +---------+---------+-------+---------+---------+-------
        D:1 |      31 |       0 |   0.0 |      20 |       0 |   0.0
        D:2 |      53 |      11 |  17.2 |      19 |       5 |  20.8
        D:3 |     315 |      29 |   8.4 |      44 |       8 |  15.4
        D:4 |     439 |     366 |  45.5 |      17 |      10 |  37.0
        D:5 |     693 |       0 |   0.0 |      18 |       0 |   0.0
        D:6 |     970 |       0 |   0.0 |      20 |       0 |   0.0
        D:7 |     891 |       0 |   0.0 |      16 |       0 |   0.0
        D:8 |    1037 |    1908 |  64.8 |      23 |      11 |  32.4
        D:9 |    1347 |     641 |  32.2 |      20 |       1 |   4.8
       D:10 |    5011 |     449 |   8.2 |      38 |       4 |   9.5
       D:11 |    4484 |     970 |  17.8 |      38 |       1 |   2.6
       D:12 |    4220 |       0 |   0.0 |      20 |       0 |   0.0
     Lair:1 |    3868 |       0 |   0.0 |      15 |       0 |   0.0
     Lair:2 |    3445 |     832 |  19.5 |      16 |       5 |  23.8
     Lair:3 |    5630 |    1205 |  17.6 |      23 |       6 |  20.7
     Lair:4 |   11271 |    2811 |  20.0 |      21 |       1 |   4.5
     Lair:5 |    1021 |       0 |   0.0 |       5 |       0 |   0.0
      Orc:1 |    2027 |       0 |   0.0 |      31 |       0 |   0.0
      Orc:2 |    1863 |     133 |   6.7 |      15 |       1 |   6.2
            +---------+---------+-------+---------+---------+-------
